Unix NetHack Version 3.7.0-50 Work-in-progress - last build Feb 28 2022 15:24:21 (b377c2836c43ebb0b7db9ce427581073a701f771,branch:master). Game began 2022-03-01 20:42:34, ended 2022-03-01 23:40:57. wbn, lawful female human Samurai ------- ------- -- - ---.....| ---...|.-- --..|.-- ---- |...-...| ---........| -------......-- |..| ---.--....---...|.....-------.%%...)....).. |..| --...|.........----....!.......---@......).- |.-- |..--|..|..----- ---.---------..f.......-- |...- |.-- ------- -.| -.....). --..| |.| ---..----|........ -----.--|.| ---.......|---.... |..--..--.| |.........| |..... --.........| |.........--|..... |.....|[---- --.........----.- ----..|..| |....---...-- - |...-.-- --.^- --<..| --......| |..| ----- -----.[.....| ---- |..........- |........-- ----.--.-- - --- Wbn the Kunoichi St:16 Dx:15 Co:18 In:10 Wi:5 Ch:9 Lawful S:3057 Dlvl:8 $:43 HP:0(56) Pw:19(19) AC:4 Xp:6/467 T:1842 Satiated Latest messages: In what direction? y The crossbow bolt misses. In what direction? y The crossbow bolt misses. In what direction? y The crossbow bolt hits it. In what direction? y The crossbow bolt misses. You have no ammunition readied. What do you want to throw? [$abfkms or ?*] Never mind. What do you want to write with? [- abfkmrs or ?*] - You write in the dust with your fingertip. What do you want to write in the dust here? Elbereth What do you want to eat? [gi or ?*] ? What do you want to eat? [gi or ?*] i This cram ration is bland. You finish eating the cram ration. You can see again. You stop waiting. Pick an object. There are several objects here. f - 2 crossbow bolts. You descend the stairs. You attack thin air. There are several objects here. What do you want to ready? [- $abfkms or ?*] ? What do you want to ready? [- $abfkms or ?*] f f - 6 crossbow bolts (in quiver pouch). There are several objects here. The leprechaun hits! Your purse feels lighter. In what direction? n You see here 2 ya. In what direction? j The crossbow bolt hits the large cat. The large cat bites! In what direction? j The crossbow bolt misses the large cat. In what direction? j The crossbow bolt misses the large cat. The large cat bites! You see here 2 ya. The large cat bites! You die... Do you want your possessions identified? [ynq] (y) y Do you want to see your attributes? [ynq] (y) y Do you want an account of creatures vanquished? [ynaq] (y) y Do you want to see your conduct and achievements? [ynq] (y) y Do you want to see the dungeon overview? [ynq] (y) y Major events: Turn 1: wbn the lawful female human Samurai entered the dungeon 46: entered new level 2, The Dungeons of Doom 48: hit with a wielded weapon for the first time 48: killed for the first time 96: ate for the first time - lichen corpse 116: consumed animal products for the first time, by eating a goblin corpse 168: entered new level 1, The Gnomish Mines 168: entered the Gnomish Mines 172: gained experience level 2 182: rejected atheism with a prayer 185: lost experience level 2 197: regained experience level 2 255: attained the rank of Ronin (level 3) 328: gained experience level 4 405: entered new level 2, The Gnomish Mines 473: entered new level 3, The Gnomish Mines 477: gained experience level 5 571: entered new level 4, The Gnomish Mines 656: reached Mine Town 656: entered a shop 889: attained the rank of Kunoichi (level 6) 903: entered a temple 1121: entered new level 5, The Gnomish Mines 1299: lost experience level 6 1299: regained experience level 6 1414: entered new level 6, The Gnomish Mines 1762: became literate by engraving "Elbereth" Inventory: Coins $ - 43 gold pieces Weapons f - 2 +0 crossbow bolts (in quiver pouch) m - 11 +0 ya r - a +0 crossbow (weapon in hand) s - 4 +0 darts k - a +0 aklys a - a +0 katana b - a +0 wakizashi Armor e - an uncursed rustproof +0 splint mail (being worn) Comestibles i - an uncursed cram ration g - a cursed egg Scrolls p - an uncursed scroll of create monster h - an uncursed scroll of gold detection Potions n - an uncursed potion of polymorph Tools c - an uncursed blindfold o - a +0 pick-axe j - an uncursed skeleton key q - a cursed skeleton key t - an uncursed stethoscope Wbn the Samurai's attributes: Background: You were a Kunoichi, a level 6 female human Samurai. You were lawful, on a mission for Amaterasu Omikami who was opposed by Raijin (neutral) and Susanowo (chaotic). You were in the Gnomish Mines, on level 8. You entered the dungeon 1842 turns ago. It was nighttime. You had 467 experience points, 173 more were needed to attain level 7. Your score was 3057 before end-of-game adjustments. Basics: You had 0 out of 56 hit points. You had all 19 energy points (spell power). Your armor class was 4. Your wallet contained 43 zorkmids. Autopickup was off. Final Characteristics: Your strength was 16 (limit:18/100). Your dexterity was 15 (limit:18). Your constitution was 18 (limit:18). Your intelligence was 10 (limit:18). Your wisdom was 5 (peak:7, limit:18). Your charisma was 9 (limit:18). Final Status: You were satiated. You were unencumbered. You were wielding a crossbow. You had no skill with crossbow. Final Attributes: You were devoutly aligned. You were warded. You were fast. Amaterasu Omikami was angry with you. You are dead. Miscellaneous: You encountered 1 bones level. Total elapsed playing time was 42 minutes and 29 seconds. Vanquished creatures: a mountain nymph 5 Mordor orcs a yellow light 8 gnome leaders 2 gnomish wizards a gray ooze a giant ant 3 dwarves a kobold leader 2 hill orcs a giant bat an orc zombie 2 hobbits 2 yellow molds 34 gnomes 2 goblins 3 sewer rats 2 grid bugs a lichen a newt 74 creatures vanquished. No species were genocided or became extinct. Voluntary challenges: You read items or engraved 1 time. You never engraved Elbereth. You never genocided any monsters. You never polymorphed an object. You never changed form. You used no wishes. Achievements: You entered the Gnomish Mines. You attained the rank of Ronin. You entered Minetown. You entered a shop. You attained the rank of Kunoichi. You entered a temple. The Dungeons of Doom: levels 1 to 2 Level 1: An altar to Amaterasu Omikami, some fountains. Level 2: Stairs down to The Gnomish Mines. The Gnomish Mines: levels 3 to 8 Level 3: Level 4: Level 5: Level 6: Some shops, a temple, many fountains, a grave. Final resting place for wbn-Sam-Hum-Fem-Law, killed by a gnome lord. Level 7: Level 8: <- You were here. Final resting place for you, killed by a chameleon imitating a large cat. Game over: ---------- / \ / REST \ / IN \ / PEACE \ / \ | wbn | | 43 Au | | killed by a | | chameleon | | imitating a | | large cat | | 2022 | *| * * * | * _________)/\\_//(\/(/\)/\//\/|_)_______ Sayonara wbn the Samurai... You died in The Gnomish Mines on dungeon level 8 with 3053 points, and 43 pieces of gold, after 1842 moves. You were level 6 with a maximum of 56 hit points when you died.